 Dungeon Crawl Stone Soup version 0.30-a0-1066-g63dfefce0d (webtiles) character file.

Game seed: 1450251505897943834

346 jimonade the Insei (level 6, -1/38 HPs)
             Began as an Octopode Transmuter on Apr 12, 2023.
             Slain by an orc wizard
             ... wielding a +0 dagger
              (4 damage)
             ... on level 3 of the Dungeon.
             The game lasted 00:06:34 (3523 turns).

jimonade the Insei (Octopode Transmuter)            Turns: 3523, Time: 00:06:35

Health: -1/38      AC:  1    Str: 12    XL:     6   Next: 59%
Magic:  10/10      EV: 13    Int: 15    God:
Gold:   88         SH:  0    Dex: 12    Spells: 10/11 levels left

rFire   . . .      SeeInvis .      - Unarmed
rCold   . . .      Faith    .    (no shield)
rNeg    . . .      Spirit   .    (helmet restricted)
rPois   .          Reflect  .    (no amulet)
rElec   .          Rampage  .    (no ring)
rCorr   .                        (no ring)
Will    .....                    (no ring)
Stlth   +++                      (no ring)
HPRegen 0.26/turn                (no ring)
MPRegen 0.12/turn                (no ring)
                                 (no ring)
                                 (no ring)

@: no status effects
A: almost no armour, amphibious, 8 rings, camouflage 1, gelatinous body 1,
(nimble swimmer 1), tentacles
a: no special abilities


You were on level 3 of the Dungeon.
You visited 1 branch of the dungeon, and saw 3 of its levels.

You collected 88 gold pieces.

Inventory:

Missiles
 i - 3 poisoned darts
 j - 6 javelins
Scrolls
 c - a scroll of poison {unknown}
 d - a scroll of enchant weapon {unknown}
 e - 3 scrolls of identify {unknown}
 f - a scroll of torment {unknown}
Potions
 a - a potion of lignification
 b - 4 potions of curing {unknown}
 g - a potion of haste {unknown}
 h - a potion of resistance
 k - a potion of cancellation {unknown}
 l - a potion of ambrosia {unknown}
 m - 2 potions of heal wounds {unknown}


   Skills:
 + Level 1.2 Fighting
 + Level 2.6 Dodging
 + Level 3.2 Stealth
 + Level 4.9 Unarmed Combat
 + Level 3.0 Spellcasting
 * Level 3.5 Transmutations


You had 10 spell levels left.
You knew the following spells:

 Your Spells              Type           Power      Damage    Failure   Level
a - Beastly Appendage     Tmut           24%        N/A       4%          1

Your spell library contained the following spells:

 Spells                   Type           Power      Damage    Failure   Level
 Wereblood                Tmut           12%        N/A       7%          2
 Spider Form              Tmut/Pois      7%         N/A       28%         3
 Ice Form                 Ice/Tmut       7%         N/A       67%         4


Dungeon Overview and Level Annotations

Branches:
Dungeon (3/15)

Altars:

Annotations:
D:2 Jessica


Innate Abilities, Weirdness & Mutations

You cannot wear most types of armour.
You are amphibious.
You can wear up to eight rings at the same time.
Your skin changes colour to match your surroundings (Stealth+).
Your rubbery body absorbs attacks. (AC +1, EV +1)
((You are camouflaged when in or above water. (Stealth+)))
You have tentacles for arms and can constrict up to eight enemies at once.


Message History

Deactivating autopickup; reactivate with Ctrl-A.
No target in view!
No target in view!
No target in view!
No target in view!
You miss something. Something hits you.
You miss something. Something hits you.
You barely miss something.
Your tentacle spike misses something.
Your squeeze misses something.
Your transformation is almost over.
Something hits you but does no damage.
You closely miss something. Something hits you.
You tentacle-slap something. Your squeeze misses something. Something hits you.
You barely miss something. Your squeeze misses something. Something hits you.
You barely miss something.
Your tentacle spike misses something.
Your squeeze misses something. You closely miss something.
Your tentacle-slap misses something.
Something barely misses you.
You closely miss something.
Your tentacle spike misses something.
You squeeze something. Something barely misses you.
You tentacle-slap something.
Your tentacle spike misses something.
Something hits you.
You closely miss something. Your squeeze misses something. Something hits you.
You tentacle-slap something.
Your tentacle spike disappears.
You hear some strange, mumbled words.
A magic dart appears from out of thin air!
The magic dart hits you!
* * * LOW HITPOINT WARNING * * *
You closely miss something.
Your tentacle-slap misses something.
Something hits you.
* * * LOW HITPOINT WARNING * * *
You closely miss something. Your squeeze misses something. Something hits you.
* * * LOW HITPOINT WARNING * * *
You tentacle-slap something but do no damage.
Something hits you.
* * * LOW HITPOINT WARNING * * *
You miss something.
Your tentacle-slap misses something.
Your squeeze misses something. Something hits you.
You die...

......###....#####...#
.............## #...#
......###..>..# #...#
.)... ##'##.# #####
.... #.##.# .## #.##.#
#o##.# #{##.# #@##.#
#.##.# #)...# ######


You could see an orc.

Vanquished Creatures
  Sigmund (D:2)
  Natasha (D:3)
  Robin (D:2)
  4 gnolls (D:2)
  4 adders
  2 worms (D:2)
  A dart slug (D:1)
  An orc (D:3)
  7 bats
  6 endoplasms
  2 giant cockroaches
  15 goblins
  4 hobgoblins
  7 jackals (D:1)
  4 quokkas
  A ball python (D:3)
  3 frilled lizards
  3 kobolds
67 creatures vanquished.

Notes
Turn   | Place    | Note
-------+----------+-------------------------------------------
     0 | D:1      | jimonade the Octopode Transmuter began the quest for the
                  | Orb.
     0 | D:1      | Reached XP level 1. HP: 13/13 MP: 3/3
   276 | D:1      | Reached XP level 2. HP: 16/18 MP: 5/5
   459 | D:1      | Reached XP level 3. HP: 23/23 MP: 4/6
  1583 | D:2      | Reached XP level 4. HP: 8/28 MP: 7/7
  1674 | D:2      | Reached skill level 1 in Stealth
  1741 | D:2      | Found a faded altar of an unknown god.
  1785 | D:2      | Reached skill level 4 in Unarmed Combat
  1883 | D:2      | Noticed Sigmund
  1889 | D:2      | Killed Sigmund
  1890 | D:2      | Reached XP level 5. HP: 33/33 MP: 7/9
  1890 | D:2      | Reached XP level 6. HP: 38/38 MP: 7/10
  1926 | D:2      | Noticed Robin
  3002 | D:2      | Killed Robin
  3030 | D:2      | Noticed Jessica
  3276 | D:3      | Noticed Natasha
  3299 | D:3      | Killed Natasha
  3523 | D:3      | Slain by an orc wizard

Illustrated notes

Levels and vault maps discovered:
D:1:      dpeg_arrival_water_fire, layout_basic, corexii_item_surrounded_by_moat
D:2:      layout_basic, serial_shops, nicolae_lakefront_shop,
          basic_ecumenical_altar, uniq_robin, uniq_jessica, uniq_sigmund
D:3:      layout_basic, demons_altar, hangedman_decor_clover_reticule,
          uniq_natasha

Skill      XL: |  1  2  3  4  5  6 |
---------------+-------------------+-----
Stealth        | 2 3 |  3.2
Unarmed Combat | 4 |  4.9
Transmutations | 3 |  3.5
Spellcasting   | 3 |  3.0
Fighting       | |  1.2
Dodging        | |  2.6

Action                     |  1- 3 |  4- 6 || total
---------------------------+-------+-------++-------
  Melee: Unarmed           |    73 |    85 ||   158
         Constrict         |    17 |    22 ||    39
         Tentacles         |    16 |    17 ||    33
         Kick              |     5 |     9 ||    14
   Cast: Beastly Appendage |     8 |     9 ||    17
   Stab: Sleeping          |     5 |     4 ||     9
         Distracted        |       |     1 ||     1
 Armour: Skin              |     5 |     4 ||     9
  Dodge: Dodged            |    50 |    44 ||    94

Table legend: (Time is in decaauts)
 A = Elapsed time spent in this place.
 B = Non-inter-level travel time spent in this place.
 C = Inter-level travel time spent in this place.
 D = Time resting spent in this place.
 E = Time spent auto-exploring this place.
 F = Levels seen in this place.
 G = Mean time per level.
                   A        B        C        D        E       F      G
               +--------+--------+--------+--------+--------+-----+--------+
         Total |   3516 |   3257 |    259 |    749 |   1803 |   3 | 1172.0 |
       Dungeon |   3516 |   3257 |    259 |    749 |   1803 |   3 | 1172.0 |
               +--------+--------+--------+--------+--------+-----+--------+

Top non-repeatable levels by time:
     D:1: 1937 daAuts
     D:2: 1139 daAuts
     D:3: 439 daAuts
